 Dungeon Crawl Stone Soup version 0.30.1-11-g7821555f0a (webtiles) character file.

Game seed: 12369779942951062309

197 fireball365 the Chopper (level 5, 0/47 HPs)
             Began as a Hill Orc Fighter on Nov 27, 2023.
             Slain by Robin
             ... wielding a +0 club
              (3 damage)
             ... on level 3 of the Dungeon.
             The game lasted 00:03:19 (1870 turns).

fireball365 the Chopper (Hill Orc Fighter)          Turns: 1870, Time: 00:03:19

Health: 0/47       AC: 12    Str: 27    XL:     5   Next: 75%
Magic:  5/5        EV:  8    Int:  8    God:
Gold:   103        SH:  4    Dex: 10    Spells: 4/4 levels left

rFire   + . .        a - +0 war axe
rCold   . . .        c - +0 buckler
rNeg    . . .        e - +0 chain mail
rPois   .            (no helmet)
rElec   .            q - +2 cloak {rCorr}
rCorr   +            (no gloves)
SInv    .            (no boots)
Will    .....        (no amulet) Stlth
                     g - +6 ring of strength
HPRegen 0.27/turn    p - ring of protection from fire
MPRegen 0.09/turn

%: no passive effects
@: lethally poisoned (0 -> -6)
A: no striking features
a: no special abilities


You were on level 3 of the Dungeon.
You visited 1 branch of the dungeon, and saw 3 of its levels.

You collected 103 gold pieces.

Inventory:

Hand Weapons
 a - a +0 war axe (weapon)
Armour
 b - a +0 scale mail
 c - a +0 buckler (worn)
 e - a +0 chain mail (worn)
 q - a +2 cloak of preservation (worn)
Jewellery
 g - a +6 ring of strength (left hand)
 p - a ring of protection from fire (right hand)
Scrolls
 i - a scroll of immolation
 m - a scroll of identify {unknown}
 n - a scroll of enchant armour {unknown}
 o - a scroll of magic mapping {unknown}
Potions
 d - a potion of might
 f - a potion of haste {unknown}
 h - 5 potions of heal wounds {unknown}
 j - a potion of berserk rage {unknown}
 l - a potion of degeneration {unknown}


   Skills:
 + Level 4.4 Fighting
 + Level 5.2 Axes
 + Level 4.4 Armour
 + Level 0.7 Dodging
 + Level 4.0 Shields


You had 4 spell levels left.
You didn't know any spells.
Your spell library contained the following spells:

 Spells                   Type           Power      Damage    Failure   Level
 Lesser Beckoning         Tloc           0%         N/A       98%         2
 Gell's Gravitas          Tloc           0%         N/A       100%        3
 Teleport Other           Tloc           0%         N/A       100%        3


Dungeon Overview and Level Annotations

Branches:
Dungeon (3/15)

Altars:

Annotations:
D:3 Robin


Message History

You are more poisoned.
The hobgoblin hits you. The adder bites you.
The goblin hits you but does no damage.
You are more poisoned.
Robin roars a battlecry!
The goblins go into a battle-frenzy!
The hobgoblin barely misses you. The hobgoblin hits you.
* * * LOW HITPOINT WARNING * * *
You feel better. The adder closely misses you. The hobgoblin barely misses you.
The goblin hits you but does no damage. Robin throws the goblin at you!
The hobgoblin hits you. You block the goblin's attack.
You slash the hobgoblin!
You kill the hobgoblin!
You miss the adder. You closely miss the goblin.
You completely miss the hobgoblin. You miss the goblin. You barely miss Robin.
You block the adder's attack. The goblin completely misses you.
You block Robin's attack. The hobgoblin barely misses you.
The adder barely misses you. The goblin hits you but does no damage.
You barely miss Robin.
Robin is severely wounded.
You closely miss the goblin. You hit the hobgoblin but do no damage.
You barely miss the goblin. You closely miss the adder.
You block the adder's attack.
The goblin hits you with a +1 dagger of venom.
* * * LOW HITPOINT WARNING * * *
You are poisoned.
Robin barely misses you. The hobgoblin hits you.
* * * LOW HITPOINT WARNING * * *
The goblin closely misses you. The adder bites you but does no damage.
You closely miss the adder.
The adder is heavily wounded.
You barely miss the hobgoblin. You closely miss the goblin.
You closely miss Robin. You hit the goblin.
You kill the goblin!
* * * LOW HITPOINT WARNING * * *
You feel very sick. The goblin hits you with a +0 club.
* * * LOW HITPOINT WARNING * * *
Robin hits you with a +0 club.
You die...

#.#### #...#
#....## #...##
####..###....#
#
##...)....#####
#
###.###.....<#
# #..# #....#.#
# #.##
#......## # #.
###.#)g)# ..
#..#@.# #.#
##.ggS...# ..
###.....#
#.#......
#........
......##.
......# ##....#


You could see Robin, an adder, a hobgoblin (strong) and a goblin (strong).

Vanquished Creatures
  Crazy Yiuf (D:2)
  Terence (D:3)
  Natasha (thrice) (D:2)
  2 dart slugs
  4 ball pythons (D:1)
  5 endoplasms
  2 giant cockroaches
  9 goblins
  16 hobgoblins
  3 jackals (D:1)
  6 bats
  2 frilled lizards
  3 kobolds
  A rat (D:1)
58 creatures vanquished.

Notes
Turn   | Place    | Note
-------+----------+-------------------------------------------
     0 | D:1      | fireball365 the Hill Orc Fighter began the quest for the
                  | Orb.
     0 | D:1      | Reached XP level 1. HP: 19/19 MP: 1/1
   163 | D:1      | Reached XP level 2. HP: 27/27 MP: 2/2
   195 | D:1      | Reached skill level 3 in Axes
   382 | D:1      | Reached XP level 3. HP: 33/33 MP: 3/3
  1127 | D:2      | Noticed Natasha
  1140 | D:2      | Killed Natasha
  1141 | D:2      | Reached skill level 4 in Axes
  1141 | D:2      | Reached XP level 4. HP: 25/40 MP: 4/4
  1226 | D:2      | Noticed Natasha
  1239 | D:2      | Killed Natasha
  1292 | D:2      | Noticed Natasha
  1298 | D:2      | Killed Natasha
  1299 | D:2      | Reached XP level 5. HP: 30/46 MP: 5/5
  1508 | D:2      | Found a runed translucent door.
  1509 | D:2      | Noticed Crazy Yiuf
  1675 | D:2      | Killed Crazy Yiuf
  1834 | D:3      | Noticed Terence
  1843 | D:3      | Killed Terence
  1844 | D:3      | Reached skill level 5 in Axes
  1857 | D:3      | Noticed Robin
  1870 | D:3      | Slain by Robin

Illustrated notes

Levels and vault maps discovered:
D:1:      evilmike_arrival_hilbert_curve, layout_basic
D:2:      layout_rooms, grunt_ministairs_12, uniq_natasha,
          uniq_crazy_yiuf_cottage
D:3:      layout_rooms, mainiacjoe_overflow_24_doors, uniq_robin, uniq_terence

Skill      XL: |  1  2  3  4  5 |
---------------+----------------+-----
Axes           | 3 4 5 |  5.2
Fighting       | 4 |  4.4
Armour         | 4 |  4.4
Shields        | 4 |  4.0
Dodging        | |  0.7

Action                     |  1- 3 |  4- 6 || total
---------------------------+-------+-------++-------
  Melee: War axe           |    70 |    61 ||   131
    Use: Scroll            |       |     1 ||     1
         Potion            |       |     2 ||     2
 Armour: Scale mail        |     1 |       ||     1
         Chain mail        |    62 |    57 ||   119
  Dodge: Dodged            |    44 |    54 ||    98
  Block: Buckler           |    29 |    28 ||    57
